 Dungeon Crawl Stone Soup version 0.30-a0-1160-g6e42c06551 (webtiles) character file.

Game seed: 9310687026043717749

51612 olmar the Basher (level 14, -4/91 HPs)
             Began as a Gargoyle Fighter on Apr 26, 2023.
             Was a Plaything of Xom.
             Killed by divine providence
             ... invoked by an orc high priest
              (14 damage)
             ... on level 2 of the Orcish Mines.
             The game lasted 00:29:10 (16758 turns).

olmar the Basher (Gargoyle Fighter)                Turns: 16758, Time: 00:29:10

Health: -4/91      AC: 33    Str: 29    XL:     14   Next: 60%
Magic:  14/14      EV: 14    Int: 13    God:    Xom [......]
Gold:   2109       SH:  7    Dex: 20    Spells: 13/13 levels left

rFire   + + .        S - +9 mace "Roddeiz" {freeze, rC+ Will+ Str+3 Int+3}
rCold   . . .        c - +0 buckler
rNeg    + . .        U - +6 scale mail of the Old World {Regen+ Dex+5}
rPois   ∞            Y - +0 hat of Altruism {rPois Str+2 Slay+4 Stlth-}
rElec   +            j - +2 cloak {Stlth+}
rCorr   .            (no gloves)
SInv    .            (no boots)
Will    +++..        Q - amulet of Qecwuutz {Harm Regen+}
Stlth   +++          w - +4 ring of protection
HPRegen 1.95/turn    T - ring "Yleassosch" {rElec rC- Dex+6 Slay+3}
MPRegen 0.14/turn

%: harm (+30% outgoing, +20% incoming)
@: about to teleport, flying, studying Long Blades
A: sickness immunity, AC +10, big wings, negative energy resistance 1,
electricity resistance, torment resistance 1, petrification resistance, horns 2,
fire resistance 2, strong-willed 1
a: Renounce Religion


You were on level 2 of the Orcish Mines.
You worshipped Xom.
You were a very special plaything of Xom.
You visited 4 branches of the dungeon, and saw 18 of its levels.
You also visited: Trove, Sewer and Ossuary.

You collected 2109 gold pieces.

Inventory:

Hand Weapons
 I - a +2 flail of holy wrath
 K - a +2 flail of protection
 N - a +2 morningstar
 S - the +9 mace "Roddeiz" (weapon) {freeze, rC+ Will+ Str+3 Int+3}
   (You found it in a treasure trove)

   Str:       It affects your strength (+3).
   Int:       It affects your intelligence (+3).
   rC:        It protects you from cold.
   Will:      It increases your willpower.
Missiles
 M - 2 throwing nets (quivered)
Armour
 c - a +0 buckler (worn)
 j - a +2 cloak of stealth (worn)
 U - the +6 scale mail of the Old World (worn) {Regen+ Dex+5}
   (You found it in a treasure trove)

   Dex:       It affects your dexterity (+5).
   Regen:     It increases your rate of health regeneration.
 V - the +3 scale mail "Cydghar" {+Inv rPois rC+ Dex-2}
   (You found it in a treasure trove)

   Dex:       It affects your dexterity (-2).
   rC:        It protects you from cold.
   rPois:     It protects you from poison.
   +Inv:      It lets you turn invisible.
 Y - the +0 hat of Altruism (worn) {rPois Str+2 Slay+4 Stlth-}
   (You found it on level 2 of the Dungeon)

   Str:       It affects your strength (+2).
   Slay:      It affects your accuracy & damage with ranged weapons and melee
   (+4).
   rPois:     It protects you from poison.
   Stlth:     It makes you less stealthy.
Jewellery
 k - a ring of flight
 w - a +4 ring of protection (left hand)
 D - a +6 ring of intelligence
 L - a ring of resist corrosion
 Q - the amulet of Qecwuutz (around neck) {Harm Regen+}
   (You found it in a treasure trove)

   [amulet of regeneration]

   Regen:     It increases your rate of health regeneration.
   Harm:      It increases damage dealt and taken.
 R - an amulet of reflection
 T - the ring "Yleassosch" (right hand) {rElec rC- Dex+6 Slay+3}
   (You found it in a treasure trove)

   [ring of dexterity]

   Dex:       It affects your dexterity (+6).
   Slay:      It affects your accuracy & damage with ranged weapons and melee
   (+3).
   rC:        It makes you vulnerable to cold.
   rElec:     It insulates you from electricity.
Wands
 e - a wand of polymorph (5)
 n - a wand of charming (3)
 r - a wand of flame (15)
 B - a wand of quicksilver (10)
 P - a wand of roots (7)
Scrolls
 a - a scroll of fear
 g - 2 scrolls of noise
 m - 3 scrolls of butterflies
 o - 5 scrolls of enchant weapon
 p - 8 scrolls of fog
 q - 5 scrolls of blinking
 t - 5 scrolls of immolation
 u - 3 scrolls of teleportation
 v - a scroll of magic mapping
 x - a scroll of identify
 y - a scroll of vulnerability
 C - 3 scrolls of silence
 E - 4 scrolls of enchant armour
 F - 3 scrolls of amnesia
 G - 3 scrolls of brand weapon
 J - 2 scrolls of poison
Potions
 b - 2 potions of berserk rage
 d - 2 potions of cancellation
 f - 10 potions of flight
 h - 6 potions of haste
 i - 8 potions of lignification
 l - 5 potions of curing
 s - a potion of resistance
 z - 4 potions of attraction
 A - 3 potions of invisibility
 H - 3 potions of heal wounds
 Z - a potion of mutation {unknown}
Miscellaneous
 O - a piece from Xom's chessboard (15/15)
 W - a phial of floods


   Skills:
 + Level 11.9 Fighting
 + Level 14.9 Maces & Flails
 + Level 12.2 Armour
 + Level 5.6 Dodging
 + Level 9.1 Stealth
 + Level 10.8 Shields
 + Level 2.5 Evocations


You had 13 spell levels left.
You didn't know any spells.
Your spell library contained the following spells:

 Spells                   Type           Power      Damage    Failure   Level
 Kiss of Death            Conj/Necr      0%         2d5       52%         1
 Magic Dart               Conj           0%         1d3       52%         1
 Call Imp                 Summ           0%         N/A       67%         2
 Poisonous Vapours        Pois/Air       0%         N/A       67%         2
 Searing Ray              Conj           0%         2d4       67%         2
 Confusing Touch          Hex            0%         N/A       88%         3
 Mephitic Cloud           Conj/Pois/Air  0%         N/A       88%         3
 Portal Projectile        Hex/Tloc       0%         N/A       88%         3
 Tukima's Dance           Hex            0%         N/A       88%         3
 Vhi's Electric Charge    Tloc/Air       0%         N/A       88%         3
 Dispel Undead            Necr           0%         3d6       99%         4
 Fulminant Prism          Conj/Hex       0%         3d5       99%         4
 Petrify                  Tmut/Erth      0%         N/A       99%         4
 Summon Ice Beast         Ice/Summ       0%         N/A       99%         4
 Arcjolt                  Conj/Air       0%         1d10      100%        5
 Blade Hands              Tmut           0%         N/A       100%        5
 Freezing Cloud           Conj/Ice/Air   0%         6-21      100%        5
 Metabolic Englaciation   Hex/Ice        0%         N/A       100%        5
 Summon Mana Viper        Hex/Summ       0%         N/A       100%        5
 Plasma Beam              Fire/Air       0%         2x1d11    100%        6
 Monstrous Menagerie      Summ           0%         N/A       100%        7
 Statue Form              Tmut/Erth      Unusable   N/A       N/A         6

Dungeon Overview and Level Annotations

Branches:
Dungeon (10/15)            Temple (0/1) D:7            Lair (5/5) D:9
 Shoals (0/4) Lair:3        Snake (1/4) Lair:2          Orc (2/2) D:9
    Elf (0/3) Orc:2         Sewer (visited)         Ossuary (visited)
  Slime: Lair:4-5

Altars:
Ashenzari
Cheibriados
Elyvilon
Fedhas
Trog
Uskayaw
Vehumet
Wu Jian
Xom
Yredelemnul
Jiyva

Shops:
D:8 (   Orc:1 ?

Annotations:
D:6 2 runed translucent doors
Lair:4 exclusion: oklob plant


Innate Abilities, Weirdness & Mutations

You are immune to sickness and miasma.
Your stone body is resilient. (AC +10)
You are immune to poison.
Your large and strong wings let you fly.
You resist negative energy. (rN+)
You are resistant to electric shocks. (rElec)
You are resistant to unholy torment.
You are immune to petrification.
You have a pair of horns on your head.
Your flesh is very heat resistant. (rF++)
You are strong-willed. (Will+)


Message History

The orc knight looks as sick as possible!
The orc knight struggles to escape constriction.
The orc high priest is engulfed in poison gas.
The orc high priest looks as sick as possible!
Unknown command.
Unknown command.
You closely miss the orc knight.
The orc knight is heavily wounded.
The grasping roots constrict the orc knight.
The grasping roots constrict the soul eater!
You block the sun demon's attack. The soul eater hits you!
The orc high priest is engulfed in poison gas.
The orc high priest looks even sicker.
The orc high priest is engulfed in poison gas.
The orc high priest looks as sick as possible!
The orc high priest mumbles some strange prayers.
The orc knight is engulfed in poison gas.
The orc knight looks as sick as possible!
The orc knight misses you.
The orc knight is engulfed in poison gas.
The orc knight looks as sick as possible!
You kill the orc knight!
The sun demon attacks as you move away! The sun demon hits you!
* * * LOW HITPOINT WARNING * * *
You are engulfed in flames.
You resist.
* * * LOW HITPOINT WARNING * * *
The grasping roots constrict the soul eater.
Xom's power touches on a nearby monster.
The ufetubus suddenly stops moving!
You are now a very special plaything of Xom.
The roots release their grip on the soul eater.
The orc knight roars a battlecry!
The orc high priest is engulfed in poison gas.
The orc high priest looks as sick as possible!
The orc high priest is engulfed in poison gas.
The orc high priest looks as sick as possible!
The orc high priest mumbles some strange prayers to Beogh against you.
Beogh smites you!
You die...
Xom chuckles heartily!

..#####)...#....#..........##..##
..####).)))#..........#....###.##
.#..#....)............#.........#
...........#....................#
........#.#................#.....
..#........#.○§○#○§.○§☼○§........
...#..#))...#§○#°☼§#○○○☼°.......#
........).....○§☼§☼☼☼☼°○§.......#
#......)))...§§#@§o4§3§§○.#.#...#
#.......))...○§§33o○§°§○☼.#......
.#.....#.....§○§o☼§§§§§☼§<......#
#.....#......○°°3§°§§§○§§...#.#.#
.............☼§°§°○°o5§§☼.###....
...#.........°☼☼§§§T5..§○.#.....#
....#........§°§§°§§☼.☼§§.....###
.......#...#.§§§○☼°§§§§☼°.#....#
..........###§§§oo#o.§§§☼.....##


You could see 2 orc knights, 2 soul eaters, 2 orc high priests, a sun demon
(summoned), an ice devil (summoned), a troll, a ynoxinul (summoned) and 2
ufetubi.

Vanquished Creatures
  Jorgrun (D:9)
  Kirke (Lair:3)
  An ettin (Orc:2)
  3 hydras (Lair:5)
  A catoblepas (Lair:4)
  2 boulder beetles (Lair:4)
  A shock serpent (Snake:1)
  A naga warrior (Snake:1)
  An orc high priest (Orc:2)
  Nergalle (Orc:1)
  A goliath frog (Lair:5)
  5 orc knights
  A necromancer (Lair:4)
  A mana viper (Snake:1)
  4 orc sorcerers
  A salamander (Lair:2)
  13 elephants
  A water nymph (Lair:3)
  5 black mambas
  A guardian serpent (Snake:1)
  A naga mage (Snake:1)
  Joseph (D:9)
  A demonic crawler (Lair:3)
  A rime drake (Lair:1)
  20 cane toads
  4 komodo dragons
  3 trolls
  2 polar bears
  2 tyrant leeches (Lair:5)
  Grinder (D:4)
  15 blink frogs
  2 hornets
  4 dream sheep (Lair:5)
  2 wraiths (D:9)
  A shadow (D:10)
  32 yaks
  Eustachio (D:6)
  3 basilisks
  5 wyverns
  A steam dragon (D:10)
  Menkaure (D:6)
  5 vampire mosquitoes (Lair:5)
  2 wargs
  3 swamp worms (Lair:3)
  2 acid dragons
  4 nagas (Snake:1)
  11 water moccasins
  3 black bears
  10 orc warriors
  2 sky beasts (D:7)
  6 ogres
  2 wolves (D:9)
  4 centaurs
  2 gnoll sergeants (D:7)
  2 kobold brigands
  13 bullfrogs
  A scorpion (D:5)
  14 wights
  6 killer bees (D:7)
  A howler monkey (D:9)
  2 electric eels (Lair:5)
  A crimson imp (D:9)
  2 lava snakes (Lair:2)
  2 jellies (D:6)
  15 orc priests
  3 hounds
  An iron imp (D:5)
  2 sleepcaps
  5 iguanas
  8 orc wizards
  4 hell rats (Lair:1)
  5 polar bear simulacra (Lair:4)
  A yak simulacrum (Lair:4)
  2 wolf simulacra (Lair:4)
  11 mummies (Ossuary)
  Robin (D:4)
  14 adders
  12 gnolls
  4 river rats (Sewer)
  A white imp (D:9)
  3 ufetubi
  4 worms
  8 dart slugs
  49 orcs
  12 ball pythons
  10 endoplasms
  10 giant cockroaches
  23 goblins
  13 hobgoblins
  6 jackals
  8 quokkas
  4 bats
  14 frilled lizards
  3 gnoll skeletons (Ossuary)
  2 goblin skeletons (Ossuary)
  22 kobolds
  A kobold skeleton (Ossuary)
  2 orc skeletons (Ossuary)
  7 rats
  11 rat skeletons (Ossuary)
  3 river rat simulacra (Lair:4)
553 creatures vanquished.

Vanquished Creatures (collateral kills)
  Gastronok (Orc:1)
  A dream sheep (Lair:5)
  A bullfrog (Lair:5)
  A gnoll sergeant (D:9)
  A wight (D:9)
  A gnoll (D:9)
  An orc (Orc:1)
7 creatures vanquished.

Vanquished Creatures (others)
  3 humans (Lair:3)
  A centaur (D:8)
  30 fungi
  128 plants
162 creatures vanquished.

Grand Total: 722 creatures vanquished

Notes
Turn   | Place    | Note
-------+----------+-------------------------------------------
     0 | D:1      | olmar the Gargoyle Fighter began the quest for the Orb.
     0 | D:1      | Reached XP level 1. HP: 14/14 MP: 1/1
    85 | D:1      | Reached XP level 2. HP: 17/19 MP: 2/2
   458 | D:1      | Reached XP level 3. HP: 23/23 MP: 3/3
  1038 | D:2      | Identified the +0 hat of Altruism {rPois Str+2 Slay+4
                  | Stlth-}
  1133 | D:2      | Reached XP level 4. HP: 20/29 MP: 4/4
  1139 | D:2      | Reached skill level 3 in Maces & Flails
  1749 | D:3      | Found a glowing drain.
  1758 | Sewer    | Entered a sewer
  1908 | Sewer    | Reached XP level 5. HP: 33/33 MP: 5/5
  2163 | Sewer    | Reached skill level 4 in Maces & Flails
  2639 | D:3      | Found a radiant altar of Vehumet.
  2659 | D:3      | Found an ornate altar of the Wu Jian Council.
  2659 | D:3      | Found a blossoming altar of Fedhas.
  2834 | D:3      | Found a hide-covered altar of Uskayaw.
  2981 | D:3      | Reached XP level 6. HP: 38/38 MP: 6/6
  3055 | D:4      | Noticed Robin
  3090 | D:4      | Killed Robin
  3424 | D:4      | Reached skill level 5 in Armour
  3983 | D:4      | Reached XP level 7. HP: 41/44 MP: 7/7
  4065 | D:4      | Noticed Grinder
  4070 | D:4      | Killed Grinder
  4071 | D:4      | Reached skill level 5 in Maces & Flails
  4289 | D:5      | Entered Level 5 of the Dungeon
  4424 | D:5      | Found a snail-covered altar of Cheibriados.
  4473 | D:5      | Found a sand-covered staircase.
  4478 | Ossuary  | Entered an ossuary
  4528 | Ossuary  | Reached skill level 5 in Fighting
  4694 | Ossuary  | Reached skill level 6 in Maces & Flails
  4765 | Ossuary  | Reached XP level 8. HP: 39/49 MP: 8/8
  4984 | D:5      | Identified the +3 shadow dragon scales of the Weaver
                  | {Regen+ Stlth++++}
  5413 | D:5      | Reached skill level 5 in Shields
  5636 | D:6      | Reached skill level 7 in Maces & Flails
  5680 | D:6      | Noticed Eustachio
  5723 | D:6      | Killed Eustachio
  5830 | D:6      | Noticed Menkaure
  5851 | D:6      | Killed Menkaure
  5852 | D:6      | Reached XP level 9. HP: 16/55 MP: 9/9
  6355 | D:6      | Reached skill level 8 in Maces & Flails
  6355 | D:6      | Reached skill level 1 in Evocations
  6621 | D:6      | Found a large runed translucent door.
  6622 | D:6      | Found a large runed translucent door.
  6734 | D:7      | Reached skill level 1 in Dodging
  6927 | D:7      | Found a shimmering altar of Xom.
  6954 | D:7      | Became a worshipper of Xom the Unpredictable
  7121 | D:7      | XOM: cast spell 'Call Canine Familiar'
  7244 | D:7      | Found a basalt altar of Yredelemnul.
  7284 | D:7      | XOM: give mutations
  7284 | D:7      | Gained mutation: Your flesh is heat resistant. (rF+) [Xom's
                  | mischief]
  7284 | D:7      | Gained mutation: You are frail. (-10% HP) [Xom's mischief]
  7284 | D:7      | Gained mutation: Your flesh is very heat resistant. (rF++)
                  | [Xom's mischief]
  7373 | D:7      | XOM: scenery: summon butterflies
  7396 | D:7      | XOM: confusion (+ monsters)
  7411 | D:7      | Found a staircase to the Ecumenical Temple.
  7411 | D:7      | XOM: 4-stop teleportation journey
  7416 | D:7      | XOM: confuse monster(s)
  7605 | D:7      | Found a white marble altar of Elyvilon.
  7714 | D:7      | XOM: summons 3 friendly demons
  7721 | D:7      | Reached XP level 10. HP: 32/54 MP: 10/10
  8274 | D:7      | XOM: give mutations
  8274 | D:7      | Gained mutation: You are strong-willed. (Will+) [Xom's
                  | mischief]
  8274 | D:7      | Lost mutation: You are frail. (-10% HP) [Xom's mischief]
  8314 | D:8      | Found Jaukuo Ygie's Weapon Shop.
  8444 | D:8      | Reached skill level 9 in Maces & Flails
  8536 | D:8      | XOM: swap monsters
  8631 | D:8      | XOM: cleaving
  8632 | D:8      | XOM: confuse monster(s)
  8650 | D:8      | XOM: destruction
  8651 | D:8      | Reached skill level 1 in Stealth
  8966 | D:8      | XOM: enchant monster (good)
  9242 | D:9      | XOM: confuse monster(s)
  9250 | D:9      | Reached skill level 10 in Maces & Flails
  9269 | D:9      | XOM: confuse monster(s)
  9314 | D:9      | Reached XP level 11. HP: 28/68 MP: 11/11
  9337 | D:9      | XOM: cleaving
  9555 | D:9      | Found a staircase to the Orcish Mines.
  9570 | D:9      | Noticed Joseph
  9607 | D:9      | Killed Joseph
  9608 | D:9      | Reached skill level 11 in Maces & Flails
  9786 | D:9      | Found a staircase to the Lair.
  9794 | D:9      | XOM: smoke on damage
  9835 | D:9      | XOM: noise
  9950 | D:9      | XOM: swap monsters
 10138 | D:9      | Found a broken altar of Ashenzari.
 10363 | D:9      | Found a bloodstained altar of Trog.
 10506 | D:10     | Entered Level 10 of the Dungeon
 10521 | D:10     | Found a portal to a secret trove of treasure.
 10530 | D:10     | You paid a toll of 6 scrolls of fear to enter a treasure
                  | trove
 10531 | Trove    | Entered a treasure trove
 10540 | Trove    | Identified the amulet of Qecwuutz {Harm Regen+}
 10542 | Trove    | Identified the +9 mace "Roddeiz" {freeze, rC+ Will+ Str+3
                  | Int+3}
 10550 | Trove    | Identified the ring "Yleassosch" {rElec rC- Dex+6 Slay+3}
 10552 | Trove    | Identified the +6 scale mail of the Old World {Regen+
                  | Dex+5}
 10554 | Trove    | Identified the +1 robe of Boiling Hail {Rampage rC+ rN+}
 10558 | Trove    | Identified the +3 scale mail "Cydghar" {+Inv rPois rC+
                  | Dex-2}
 10604 | D:10     | XOM: blink monster(s)
 10620 | D:10     | XOM: 1-stop teleportation journey
 10759 | D:10     | XOM: cloud trail
 11075 | D:10     | XOM: cloud trail
 11482 | Orc:1    | Entered Level 1 of the Orcish Mines
 11482 | Orc:1    | Noticed an orc sorcerer
 11482 | Orc:1    | Noticed an orc knight
 11484 | Orc:1    | Noticed an orc knight
 11484 | Orc:1    | Noticed Jorgrun
 11487 | Orc:1    | Noticed an orc sorcerer
 11488 | Orc:1    | Noticed an orc sorcerer
 11490 | Orc:1    | Noticed a sixfirhy
 11518 | D:9      | Killed an orc knight
 11557 | Lair:1   | Entered Level 1 of the Lair of Beasts
 11644 | Lair:1   | Reached skill level 10 in Armour
 11650 | Lair:1   | Reached skill level 12 in Maces & Flails
 11655 | Lair:1   | XOM: enchant monster (good)
 11659 | Lair:1   | XOM: 2-stop teleportation journey
 11790 | Lair:1   | XOM: 9-stop teleportation journey
 11815 | Lair:1   | XOM: noise
 12123 | Lair:1   | XOM: god gift: runed cloak {god gift}
 12308 | Lair:2   | Found a staircase to the Snake Pit.
 12308 | Lair:2   | Noticed a salamander
 12315 | Lair:2   | Killed a salamander
 12316 | Lair:2   | Reached XP level 12. HP: 50/76 MP: 12/12
 12358 | Lair:2   | XOM: enchant monster (good)
 12593 | Lair:2   | Found a broken altar of Ashenzari.
 13301 | Lair:3   | XOM: 3-stop teleportation journey
 13312 | Lair:3   | XOM: 3-stop teleportation journey
 13317 | Lair:3   | Noticed Kirke
 13326 | Lair:3   | Killed Kirke
 13653 | Lair:3   | XOM: noise
 13777 | Lair:3   | XOM: cloud trail
 13793 | Lair:3   | XOM: silly message
 13862 | Lair:3   | XOM: divination: magic mapping
 13941 | Lair:4   | XOM: stealth player
 13974 | Lair:4   | Noticed a catoblepas
 13981 | Lair:4   | Killed a catoblepas
 13982 | Lair:4   | Reached skill level 13 in Maces & Flails
 14068 | Lair:4   | Noticed a boulder beetle
 14081 | Lair:4   | Killed a boulder beetle
 14290 | Lair:4   | Noticed a boulder beetle
 14304 | Lair:4   | Killed a boulder beetle
 14440 | Lair:4   | XOM: potion effect (invisibility)
 14647 | Lair:4   | XOM: 1-stop teleportation journey
 14726 | Lair:4   | Found a viscous altar of Jiyva.
 14833 | Lair:5   | Entered Level 5 of the Lair of Beasts
 14834 | Lair:5   | XOM: summons 6 friendly demons
 14839 | Lair:5   | Reached skill level 10 in Fighting
 14839 | Lair:5   | Reached skill level 5 in Stealth
 14846 | Lair:5   | XOM: silly message
 14854 | Lair:4   | XOM: silly message
 14866 | Lair:5   | XOM: potion effect (haste)
 14872 | Lair:5   | XOM: confuse monster(s)
 14879 | Lair:5   | Noticed a four-headed hydra
 14888 | Lair:5   | Reached XP level 13. HP: 81/82 MP: 13/13
 14890 | Lair:5   | XOM: confuse monster(s)
 14902 | Lair:5   | XOM: divine lightning
 14906 | Lair:5   | XOM: divination: detect creatures
 14913 | Lair:5   | XOM: enchant monster (bad)
 14920 | Lair:5   | Reached skill level 14 in Maces & Flails
 14953 | Lair:4   | XOM: cast spell 'Death Channel'
 14975 | Lair:4   | XOM: give mutations
 14975 | Lair:4   | Gained mutation: You have a pair of small horns on your
                  | head. [Xom's mischief]
 14975 | Lair:4   | Gained mutation: You have a pair of horns on your head.
                  | [Xom's mischief]
 14979 | Lair:5   | XOM: divination: detect creatures
 15011 | Lair:5   | XOM: fog
 15185 | Lair:5   | Reached skill level 10 in Shields
 15452 | Lair:5   | Gained mutation: Your large and strong wings let you fly.
                  | [Gargoyle growth]
 15452 | Lair:5   | Reached XP level 14. HP: 71/90 MP: 14/14
 15486 | Lair:5   | XOM: cast spell 'Summon Cactus Giant'
 15583 | Lair:5   | XOM: silly message
 15900 | Snake:1  | Entered Level 1 of the Snake Pit
 15904 | Snake:1  | Reached skill level 5 in Dodging
 15943 | Snake:1  | XOM: potion effect (attraction)
 16012 | Snake:1  | XOM: silly message
 16111 | D:9      | XOM: potion effect (heal wounds)
 16124 | D:9      | Killed Jorgrun
 16133 | Orc:1    | XOM: summons friendly quasit
 16145 | Orc:1    | Found Ynoaneod's Magic Scroll Emporium.
 16164 | Orc:1    | Noticed Nergalle
 16171 | Orc:1    | Noticed Gastronok
 16171 | Orc:1    | XOM: silly message
 16177 | Orc:1    | Killed Nergalle
 16187 | Orc:1    | Killed Gastronok
 16244 | Orc:1    | XOM: cloud trail
 16376 | Orc:2    | Entered Level 2 of the Orcish Mines
 16477 | Orc:2    | Found a staircase to the Elven Halls.
 16758 | Orc:2    | XOM: enchant monster (good)
 16758 | Orc:2    | Killed from afar by an orc high priest

Illustrated notes

Levels and vault maps discovered:
D:1:      dpeg_arrival_tiny_c, layout_basic, chequers_big_river
D:2:      minmay_skewed_foursquare, layout_loops_ring
D:3:      layout_loops_ring, nicolae_uskayaw_suspiria, vehumet_altar_wand_db,
          mainiacjoe_overflow_divided_tiny, portal_sewer_entry_e
D:4:      layout_loops_ring, minmay_lizard_king, uniq_robin, uniq_grinder
D:5:      layout_cave_pods, slow_altar_1, enter_ossuary_5
D:6:      layout_basic, jmf_multi_god_temple2, minmay_small_thing,
          uniq_eustachio, uniq_menkaure
D:7:      layout_loops_ring, kennysheep_ying_yang, marbit_many_paths,
          minmay_temple_entry_wispy, hangedman_minor_gate_pass
D:8:      layout_rooms, serial_shops, shop, grunt_ogre_cave
D:9:      layout_basic, nicolae_ashenzari_skybound,
          mainiacjoe_overflow_six_doors_small, minmay_lair_entry_grove,
          orc_0_dummy, minmay_fire_ice_demons, uniq_joseph
D:10:     layout_stronghold, nicolae_trove_entry_free_sample
Lair:1:   layout_chaotic_city, st_stairs_7
Lair:2:   layout_cave_pods, nicolae_snake_entry_warm_welcome, basic_altar
Lair:3:   layout_small_grid, nicolae_shoals_entry_flooding, worms_lemuel,
          uniq_kirke
Lair:4:   layout_small_grid, minmay_slime_entry_oklob_enclosed,
          eino_house_with_fridge, infiniplex_staircase_pool_2
Lair:5:   minmay_lair_end_frog_pond, layout_loops_ring, serial_bayou_shore_b
Snake:1:  layout_misc_corridors
Orc:1:    layout_caves, serial_shops, shop, uniq_gastronok, uniq_nergalle,
          uniq_jorgrun
Orc:2:    st_orc_elflike, layout_caves

Skill      XL: |  1  2  3  4  5  6  7  8  9 10 11 12 13 14 |
---------------+-------------------------------------------+-----
Maces & Flails | 3 4 6 7 8 10 12 13 14 | 14.9
Armour         | 4 5 6 8 10 11 12 | 12.2
Fighting       | 4 5 6 8 9 10 11 | 11.9
Shields        | 4 5 6 7 8 9 10 | 10.8
Evocations     | 1 2 |  2.5
Dodging        | 1 3 4 5 |  5.6
Stealth        | 3 5 8 9 |  9.1

Action                     |  1- 3 |  4- 6 |  7- 9 | 10-12 | 13-15 || total
---------------------------+-------+-------+-------+-------+-------++-------
  Melee: Flail             |   148 |   450 |   501 |   320 |       ||  1419
         Mace              |       |       |       |   242 |   310 ||   552
         Headbutt          |       |       |       |       |    49 ||    49
  Throw: Throwing net      |       |       |       |     1 |       ||     1
  Evoke: Wand              |       |       |    25 |     5 |     2 ||    32
         Phial of floods   |       |       |       |     1 |       ||     1
    Use: Scroll            |       |     3 |     8 |    14 |     7 ||    32
         Potion            |       |     2 |     2 |     6 |     1 ||    11
   Stab: Confused          |       |       |       |     7 |     4 ||    11
         Paralysed         |       |       |       |     3 |       ||     3
         Petrifying        |       |       |       |     1 |       ||     1
         Invisible         |       |       |       |     5 |       ||     5
         Sleeping          |       |       |       |     4 |     2 ||     6
         Distracted        |       |       |       |       |     2 ||     2
 Armour: Scale mail        |    23 |       |       |   125 |   181 ||   329
         Plate armour      |    87 |   395 |   430 |   212 |       ||  1124
  Dodge: Dodged            |    55 |   146 |   167 |   177 |   181 ||   726
  Block: Buckler           |    33 |   122 |   133 |   137 |   107 ||   532

Table legend: (Time is in decaauts)
 A = Elapsed time spent in this place.
 B = Non-inter-level travel time spent in this place.
 C = Inter-level travel time spent in this place.
 D = Time resting spent in this place.
 E = Time spent auto-exploring this place.
 F = Levels seen in this place.
 G = Mean time per level.
                   A        B        C        D        E       F      G
               +--------+--------+--------+--------+--------+-----+--------+
         Total |  16989 |  15797 |   1192 |   1466 |  10129 |  21 |  809.0 |
       Dungeon |  10367 |   9429 |    938 |   1336 |   5548 |  10 | 1036.7 |
          Lair |   4316 |   4100 |    216 |     30 |   3300 |   5 |  863.2 |
     Snake Pit |    110 |     90 |     20 |      0 |     19 |   1 |  110.0 |
  Orcish Mines |    618 |    602 |     16 |      0 |    455 |   2 |  309.0 |
         Trove |     64 |     64 |      0 |      0 |      0 |   1 |   64.0 |
         Sewer |   1002 |   1002 |      0 |    100 |    489 |   1 | 1002.0 |
       Ossuary |    510 |    510 |      0 |      0 |    318 |   1 |  510.0 |
               +--------+--------+--------+--------+--------+-----+--------+

Top non-repeatable levels by time:
     D:7: 1725 daAuts
     D:9: 1418 daAuts
     D:4: 1304 daAuts
     D:6: 1185 daAuts
     D:8: 1013 daAuts
   Sewer: 1002 daAuts
  Lair:3: 942 daAuts
  Lair:4: 926 daAuts
     D:2: 907 daAuts
  Lair:5: 904 daAuts
  Lair:2: 859 daAuts
     D:3: 850 daAuts
     D:5: 790 daAuts
     D:1: 787 daAuts
  Lair:1: 683 daAuts
